 Dungeon Crawl Stone Soup version 0.29-a0-923-g6e406bff71 (webtiles) character file.

Game seed: 10863029757079282044

2289 quixfox the Geomancer (level 9, -9/52 HPs)
             Began as a Gargoyle Earth Elementalist on July 27, 2022.
             Killed from afar by Maggie (18 damage)
             ... with a bolt of fire
             ... on level 7 of the Dungeon.
             The game lasted 00:17:38 (6555 turns).

quixfox the Geomancer (Gargoyle Earth Elementalist) Turns: 6555, Time: 00:17:39

Health: -9/52      AC: 12    Str: 12    XL:     9   Next: 39%
Magic:  10/18      EV: 11    Int: 20    God:
Gold:   169        SH:  5    Dex: 16    Spells: 14/20 levels left

rFire   . . .      SeeInvis .   e - +3 flail
rCold   . . .      Faith    .   j - +0 buckler
rNeg    + + .      Spirit   .   r - +2 robe {rN+}
rPois   ∞          Reflect  .   (no helmet)
rElec   +          Harm     .   (no cloak)
rCorr   .          Rampage  .   c - +1 pair of gloves
Will    .....                   (no boots)
Stlth   ++........              (no amulet)
HPRegen 0.17/turn               a - +6 ring of dexterity
MPRegen 0.16/turn               (no ring)

@: mesmerised
A: sickness immunity, AC +6, negative energy resistance 1, electricity
resistance, torment resistance 1, petrification resistance
a: no special abilities


You were on level 7 of the Dungeon.
You visited 1 branch of the dungeon, and saw 7 of its levels.

You collected 268 gold pieces.
You spent 99 gold pieces at shops.

Inventory:

Hand Weapons
 e - a +3 flail (weapon)
Armour
 c - a +1 pair of gloves (worn)
 j - a +0 buckler (worn)
 r - a +2 robe of positive energy (worn)
Jewellery
 a - a +6 ring of dexterity (left hand)
 k - the ring "Suxzesiv" {rN++ Will+ MP+9 Int-5 Stlth+}
   (You found it on level 2 of the Dungeon)

   [ring of willpower]

   Int:       It affects your intelligence (-5).
   rN:        It greatly protects you from negative energy.
   MP:        It affects your magic capacity (+9).
   Will:      It increases your willpower.
   Stlth:     It makes you more stealthy.
Wands
 n - a wand of polymorph (13)
 s - a wand of roots (9)
Scrolls
 f - a scroll of fear
 g - 3 scrolls of identify
 i - a scroll of teleportation
 o - a scroll of amnesia
 p - a scroll of vulnerability
Potions
 b - a potion of magic
 d - a potion of mutation
 h - a potion of invisibility
 l - a potion of resistance
 m - 3 potions of lignification


   Skills:
 + Level 4.7 Fighting
 - Level 1.5 Dodging
 - Level 2.1 Stealth
 + Level 3.5 Shields
 + Level 6.1 Spellcasting
 + Level 6.4 Conjurations
 - Level 0.7 Transmutations
 + Level 8.4 Earth Magic


You had 14 spell levels left.
You knew the following spells:

 Your Spells              Type           Power      Damage    Failure   Level
a - Sandblast             Erth           80%        2d17      1%          1
b - Passwall              Tmut/Erth      20%        N/A       3%          2
c - Stone Arrow           Conj/Erth      70%        3d11      1%          3

Your spell library contained the following spells:

 Spells                   Type           Power      Damage    Failure   Level
 Beastly Appendage        Tmut           18%        N/A       10%         1
 Necrotise                Necr           24%        1d5       14%         1
 Wereblood                Tmut           9%         N/A       16%         2
 Mephitic Cloud           Conj/Pois/Air  14%        N/A       17%         3
 Blink                    Tloc           12%        N/A       21%         2
 Petrify                  Tmut/Erth      24%        N/A       21%         4
 Spider Form              Tmut/Pois      7%         N/A       34%         3
 Ignite Poison            Fire/Tmut/Pois 7%         N/A       36%         3
 Inner Flame              Hex/Fire       6%         N/A       38%         3
 Vampiric Draining        Necr           6%         2d6       38%         3
 Cause Fear               Hex            3%         N/A       80%         4
 Freezing Cloud           Conj/Ice/Air   7%         6-21      85%         5
 Agony                    Necr           6%         N/A       98%         5
 Manifold Assault         Tloc           6%         N/A       98%         5
 Storm Form               Tmut/Air       3%         N/A       100%        7
 Discord                  Hex            3%         N/A       100%        8


Dungeon Overview and Level Annotations

Branches:
Dungeon (7/15)             Temple (0/1) D:7

Altars:
Qazlal

Shops:
D:1 (*   D:4 [   D:6 :

Annotations:
D:4 3 runed translucent doors, crescentfresh's ghost, weakling OpHW
D:7 Maggie; Pikel


Innate Abilities, Weirdness & Mutations

You are immune to sickness and miasma.
Your stone body is resilient. (AC +6)
You are immune to poison.
You resist negative energy. (rN+)
You are resistant to electric shocks. (rElec)
You are resistant to unholy torment.
You are immune to petrification.


Message History

Maggie attempts to bespell you! You resist with almost no effort.
Aiming: Sandblast (safe; 1% risk of failure)
Press: ? - help, Q - select action, (/) - cycle Shift-Dir - straight line, f/p - Maggie
Aim: Maggie, wielding a +0 broad axe and wearing +0 steam dragon scales (heavily wounded, 85% to hit)
The blast of sand misses Maggie.
Maggie gestures at you while chanting.
The bolt of fire hits you but does no damage.
Maggie hits you with a +0 broad axe.
Aiming: Sandblast (safe; 1% risk of failure)
Press: ? - help, Q - select action, (/) - cycle Shift-Dir - straight line, f/p - Maggie
Aim: Maggie, wielding a +0 broad axe and wearing +0 steam dragon scales (heavily wounded, 85% to hit)
The blast of sand hits Maggie!!
Maggie is severely wounded.
Maggie mumbles some strange words.
Maggie attempts to bespell you!
You are mesmerised by Maggie!
Maggie hits you with a +0 broad axe!
Aiming: Sandblast (safe; 1% risk of failure)
Press: ? - help, Q - select action, (/) - cycle Shift-Dir - straight line, f/p - Maggie
Aim: Maggie, wielding a +0 broad axe and wearing +0 steam dragon scales (severely wounded, mesmerising, 85% to hit)
The blast of sand hits Maggie!
Maggie is almost dead.
Maggie hits you but does no damage. Maggie barely misses you.
Aiming: Sandblast (safe; 1% risk of failure)
Press: ? - help, Q - select action, (/) - cycle Shift-Dir - straight line, f/p - Maggie
Aim: Maggie, wielding a +0 broad axe and wearing +0 steam dragon scales (almost dead, mesmerising, 85% to hit)
The blast of sand misses Maggie.
Maggie smiles, but it's obviously fake.
Maggie closely misses you. Maggie casts a spell at you.
The bolt of fire hits you!
* * * LOW HITPOINT WARNING * * *
Aiming: Sandblast (safe; 1% risk of failure)
Press: ? - help, Q - select action, (/) - cycle Shift-Dir - straight line, f/p - Maggie
Aim: Maggie, wielding a +0 broad axe and wearing +0 steam dragon scales (almost dead, mesmerising, 85% to hit)
The blast of sand hits Maggie but does no damage.
Maggie is almost dead.
Maggie gestures at you while chanting. The bolt of fire hits you!!
You die...

,,,,,* ##.........##*###*########
,,≈≈***#...........##...,.....>..
,,≈,,,,,.?..<...........,,****#.<
,,≈≈****..............#,,,*####..
,,,,,* ***#..........#*,........)
,,,,,* #....!.....#*,..######.
,,,,,***###....).....#*,,,****#..
,,**,,,*#....†.....(.##..,,,*#..≈
*,,,,*,*#......)@@.......,*,...≈≈
*,,,,*,*#............##..,*###..≈
**,,,#.##.....)[.....#*,,,***##..
*,,.#..................,,*,,,##.
***#............$........,,,,,...
,,,#..#..............###.*,*,,..,
,⌠,#...................,,,,,,,,,,
,,,#..........[......!.,,,,,,,,,,
*,*#.#.###.............,,,,,,,,,.


You could see Maggie (mesmerising).

Vanquished Creatures
  Sigmund (D:5)
  A wyvern (D:6)
  A steam dragon (D:6)
  Menkaure (D:7)
  An acid dragon (D:7)
  A water moccasin (D:6)
  2 sky beasts (D:6)
  A black bear (D:6)
  A centaur (D:5)
  A lemure (D:6)
  A kobold brigand (D:6)
  2 phantoms (D:6)
  Blork the orc (D:5)
  A necrophage (D:5)
  A gnoll sergeant (D:6)
  A scorpion (D:7)
  8 wights
  A hound (D:5)
  An orc priest (D:6)
  An iguana (D:5)
  An orc wizard (D:6)
  5 gnolls
  6 adders
  2 white imps (D:6)
  A worm (D:3)
  7 orcs
  6 endoplasms
  A giant cockroach (D:3)
  8 goblins
  2 hobgoblins (D:1)
  5 jackals
  4 quokkas
  4 ball pythons
  4 bats
  7 kobolds
  3 rats
95 creatures vanquished.

Vanquished Creatures (others)
  A fungus (D:1)
  A plant (D:1)
2 creatures vanquished.

Grand Total: 97 creatures vanquished

Notes
Turn   | Place    | Note
-------+----------+-------------------------------------------
     0 | D:1      | quixfox the Gargoyle Earth Elementalist began the quest for
                  | the Orb.
     0 | D:1      | Reached XP level 1. HP: 10/10 MP: 3/3
   169 | D:1      | Reached skill level 4 in Earth Magic
   169 | D:1      | Reached XP level 2. HP: 15/15 MP: 0/5
   265 | D:1      | Found Jaxziegu's General Store.
   364 | D:1      | Found Kicah's Antique Weapon Boutique.
   461 | D:1      | Found a faded altar of an unknown god.
   983 | D:2      | Reached XP level 3. HP: 18/19 MP: 1/6
   986 | D:2      | Learned a level 2 spell: Passwall
   990 | D:2      | Learned a level 3 spell: Stone Arrow
  1062 | D:2      | Identified the ring "Suxzesiv" {rN++ Will+ MP+9 Int-5
                  | Stlth+}
  1806 | D:3      | Reached skill level 1 in Conjurations
  1817 | D:3      | Reached XP level 4. HP: 24/24 MP: 6/8
  2421 | D:4      | Found Wor Imoe's Antique Armour Boutique.
  2477 | D:4      | Bought an embroidered robe for 99 gold pieces
  2565 | D:4      | Found a runed translucent gate.
  2566 | D:4      | Found a runed translucent gate.
  2566 | D:4      | Found a runed translucent gate.
  2568 | D:4      | Noticed crescentfresh's ghost (weakling OpHW)
  2732 | D:5      | Entered Level 5 of the Dungeon
  3030 | D:5      | Noticed Blork the orc
  3038 | D:5      | Killed Blork the orc
  3039 | D:5      | Reached skill level 5 in Earth Magic
  3039 | D:5      | Reached XP level 5. HP: 20/28 MP: 4/10
  3039 | D:5      | Found a stormy altar of Qazlal.
  3219 | D:5      | Noticed Sigmund
  3225 | D:5      | Killed Sigmund
  3226 | D:5      | Reached skill level 6 in Earth Magic
  3226 | D:5      | Reached XP level 6. HP: 30/32 MP: 6/12
  3745 | D:5      | Reached XP level 7. HP: 17/36 MP: 9/13
  4241 | D:6      | Reached skill level 1 in Fighting
  4406 | D:6      | Found Qiatz's Book Shop.
  4462 | D:6      | Noticed a steam dragon
  4467 | D:6      | Killed a steam dragon
  4468 | D:6      | Reached skill level 7 in Earth Magic
  4468 | D:6      | Reached XP level 8. HP: 28/44 MP: 11/15
  4634 | D:6      | Reached skill level 5 in Spellcasting
  4634 | D:6      | Reached skill level 5 in Conjurations
  4878 | D:6      | Reached skill level 1 in Shields
  5381 | D:7      | Noticed a wyvern
  5401 | D:6      | Killed a wyvern
  5678 | D:7      | Noticed Menkaure
  5686 | D:7      | Killed Menkaure
  5687 | D:7      | Reached skill level 8 in Earth Magic
  5687 | D:7      | Reached XP level 9. HP: 32/52 MP: 13/17
  5738 | D:7      | Noticed Pikel
  5740 | D:7      | Noticed Maggie
  6555 | D:7      | Killed from afar by Maggie

Illustrated notes

Levels and vault maps discovered:
D:1:      mrwooster_arrival_statue, layout_rooms, serial_shops, shop,
          nicolae_shop_statue_plus, shapermc_ecumenical_altar_mp_ritualfount,
          chequers_serial_rivers_large_a, kennysheep_boxes
D:2:      layout_rooms, roderic_roman_lattice
D:3:      layout_basic, minivault_4
D:4:      layout_rooms, gammafunk_ghost_necromancy, serial_shops, shop
D:5:      layout_basic, grunt_qazlal_sundering, uniq_sigmund, uniq_blork_the_orc
D:6:      layout_loops_ring, serial_shops, shop
D:7:      nzn_winding_woodlands_small [nzn_winding_woodlands_5x15_sawtooth,
          nzn_winding_woodlands_center_diamonds,
          nzn_winding_woodlands_5x15_pathside_ponds], layout_rooms,
          minmay_temple_entry_nine_rooms, lightli_bailey_entry_fortress,
          kb_lookout_dungeons_type, amcnicky_mini_pool_small, uniq_pikel,
          uniq_maggie, uniq_crazy_yiuf_cottage, uniq_menkaure

Skill      XL: |  1  2  3  4  5  6  7  8  9 |
---------------+----------------------------+-----
Earth Magic    | 4 5 6 7 8 |  8.4
Conjurations   | 1 2 3 4 6 |  6.4
Spellcasting   | 3 4 5 6 |  6.1
Fighting       | 2 4 |  4.7
Shields        | 2 3 |  3.5
Dodging        | |  1.5
Stealth        | |  2.1
Transmutations | |  0.7

Action                   |  1- 3 |  4- 6 |  7- 9 || total
-------------------------+-------+-------+-------++-------
Melee: Dagger            |    13 |       |     1 ||    14
 Cast: Sandblast         |    43 |    41 |   118 ||   202
Evoke: Wand              |       |       |     1 ||     1
  Use: Scroll            |     5 |     9 |     7 ||    21
       Potion            |       |       |     2 ||     2
Armor: Robe              |    14 |    13 |    45 ||    72
Dodge: Dodged            |    19 |     8 |    63 ||    90
Block: Buckler           |       |       |     6 ||     6

Table legend: (Time is in decaauts)
 A = Elapsed time spent in this place.
 B = Non-inter-level travel time spent in this place.
 C = Inter-level travel time spent in this place.
 D = Time resting spent in this place.
 E = Time spent auto-exploring this place.
 F = Levels seen in this place.
 G = Mean time per level.
                   A        B        C        D        E       F      G
               +--------+--------+--------+--------+--------+-----+--------+
         Total |   6794 |   6551 |    243 |   1138 |   4390 |   7 |  970.6 |
       Dungeon |   6794 |   6551 |    243 |   1138 |   4390 |   7 |  970.6 |
               +--------+--------+--------+--------+--------+-----+--------+

Top non-repeatable levels by time:
     D:6: 2295 daAuts
     D:5: 1379 daAuts
     D:1: 980 daAuts
     D:3: 912 daAuts
     D:2: 554 daAuts
     D:4: 377 daAuts
     D:7: 293 daAuts
